 Dungeon Crawl Stone Soup version 0.29.0-4-gdea44cf6ec (webtiles) character file.

Game seed: 11149977054856826471

12 qw the Sneak (level 2, 0/14 HPs)
             Began as a Felid Delver on Aug 27, 2022.
             Succumbed to a killer bee's poison
             ... on level 4 of the Dungeon.
             The game lasted 00:00:01 (290 turns).

qw the Sneak (Felid Delver)                          Turns: 290, Time: 00:00:01

Health: 0/14       AC:  1    Str:  8    XL:     2   Next: 20%
Magic:  3/3        EV: 17    Int: 11    God:
Gold:   11         SH:  0    Dex: 17    Spells: 1/1 levels left
                                        Lives:  0   Deaths: 0

rFire   . . .      SeeInvis +     - Unarmed
rCold   . . .      Faith    .   (shield unavailable)
rNeg    . . .      Spirit   .   (body armour unavailable)
rPois   .          Reflect  .   (helmet unavailable)
rElec   .          Harm     .   (cloak unavailable)
rCorr   .          Rampage  .   (gloves unavailable)
Will    .....                   (boots unavailable)
Stlth   +++.......              (no amulet)
HPRegen 0.04/turn               (no ring)
MPRegen 0.08/turn               (no ring)

@: lethally poisoned (0 -> -13), quick
A: very small, claws 1, fangs 3, see invisible, speed 1, shaggy fur 1, stealthy
paws, no weapons or thrown items, no armour, multi-lived
a: no special abilities


You were on level 4 of the Dungeon.
You visited 1 branch of the dungeon, and saw 2 of its levels.

You collected 11 gold pieces.


Innate Abilities, Weirdness & Mutations

You have sharp claws.
You have razor-sharp teeth.
You have supernaturally acute eyesight. (SInv)
You cover ground quickly. (Speed+)
You are covered in fur. (AC +1)
Your paws help you pounce on unaware monsters.
You are incapable of wielding weapons or throwing items.
You cannot wear armour.
You gain extra lives every three experience levels.


   Skills:
 - Level 3.0 Fighting
 - Level 2.6 Dodging
 - Level 6.6 Stealth
 + Level 2.9 Unarmed Combat


You had one spell level left.
You didn't know any spells.
Your spell library was empty.

Inventory:

Wands
 e - a wand of digging (3)
Potions
 a - a potion of ambrosia {unknown}
 d - a potion of haste

Dungeon Overview and Level Annotations

Branches:
Dungeon (5/15)
 Temple: D:4-7

Altars:

Annotations:
D:5 3 runed translucent doors, qw's ghost, weakling FeDe


Message History

Found a long sword.
You see here a quokka corpse.
An endoplasm comes into view.
The endoplasm quivers.
You scratch the endoplasm.
You kill the endoplasm!
You open the door.
A killer bee, a kobold, a jackal, an orc, a hobgoblin, an endoplasm and a dart slug come into view.
The killer bee buzzes angrily.
An adder comes into view.
An endoplasm comes into view.
282 ||| Stepping ~*~*~tactically~*~*~ (hiding).
The killer bee misses you.
You miss the killer bee.
The endoplasm quivers.
The killer bee stings you. The killer bee misses you.
You miss the killer bee.
The kobold shouts!
The orc shouts!
Your bite misses the killer bee.
You hear an angry hiss.
The killer bee misses you. The killer bee completely misses you.
You scratch the killer bee but do no damage.
The killer bee misses you. The killer bee closely misses you.
You barely miss the killer bee. The killer bee misses you.
You miss the killer bee. The killer bee stings you.
You are lethally poisoned!
The killer bee poisons you! The killer bee misses you.
You scratch the killer bee.
The killer bee is lightly wounded.
You feel very sick. The killer bee closely misses you.
The killer bee misses you.
You closely miss the killer bee.
The killer bee is lightly wounded.
You feel sick. The killer bee closely misses you. The killer bee stings you.
You are more poisoned.
The killer bee poisons you!
You closely miss the killer bee.
The killer bee is lightly wounded.
You die...

##....#
#.#.#
#.....#
#.#.#
#.)..##
#.#.# #....#
#.#.# #..###
#.#.#
#.########+#
#.#.#
#...........
#.#.#
#...........
#...#
#..@........
##..##
####y#######
##..# .ho#
#..# ..JJ.#
#...
.h.....#
#...
#.......#
###>
#gS.....# #.
##.....## #.
#.


You could see a killer bee, an orc, 2 endoplasms and a jackal.

Vanquished Creatures
  An adder (D:4)
  An endoplasm (D:4)
  A quokka (D:4)
  A kobold (D:4)
4 creatures vanquished.

Notes
Turn   | Place    | Note
-------+----------+-------------------------------------------
     0 | D:5      | qw the Felid Delver began the quest for the Orb.
     0 | D:5      | Reached XP level 1. HP: 10/10 MP: 2/2
     0 | D:5      | 0 ||| qw: Version: 0.1-a-89-g26bdef1
     0 | D:5      | 0 ||| qw: Game counter: 91
     0 | D:5      | 0 ||| qw: Always use a shield: true
     0 | D:5      | 0 ||| qw: God list: Okawaru, Trog
     0 | D:5      | 0 ||| qw: Allow faded altars: false
     0 | D:5      | 0 ||| qw: Do Orc after D:15 true
     0 | D:5      | 0 ||| qw: Do second Lair branch before Depths: true
     0 | D:5      | 0 ||| qw: Lair rune preference: random
     0 | D:5      | 0 ||| qw: Plans: Normal
     0 | D:5      | 0 ||| PLANNING D:1-11
     2 | D:5      | Found a runed translucent gate.
     3 | D:5      | Found a runed translucent gate.
     4 | D:5      | Found a runed translucent gate.
     5 | D:5      | Noticed qw's ghost (weakling FeDe)
     6 | D:5      | Noticed an orc wizard
    13 | D:5      | Noticed a shadow
    57 | D:5      | 57 ||| DROPPING scroll of fog.
    58 | D:5      | 58 ||| DROPPING scroll of magic mapping.
    59 | D:5      | 59 ||| DROPPING scroll of fear.
    83 | D:4      | Reached XP level 2. HP: 11/14 MP: 3/3
   281 | D:4      | Noticed a killer bee
   282 | D:4      | 282 ||| Stepping ~*~*~tactically~*~*~ (hiding).
   289 | D:4      | HP: 3/14 [killer bee (4)]
   290 | D:4      | Succumbed to a killer bee's poison

Levels and vault maps discovered:
D:4:      minmay_opposing_rooms, layout_basic
D:5:      minmay_general_purpose_star, layout_basic, marbit_many_paths,
          gammafunk_ghost_split

Action                   || total
-------------------------++-------
Melee: Unarmed           ||    17
Dodge: Dodged            ||    16

Table legend:
 A = Non-vault XP
 B = Vault XP
 C = Vault XP percentage of total XP
 D = Non-vault monster count
 E = Vault monster count
 F = Vault count percentage of total count
                 A         B        C        D         E       F
            +---------+---------+-------+---------+---------+-------
      Total |      16 |       2 |  11.1 |       3 |       1 |  25.0
            +---------+---------+-------+---------+---------+-------
        D:4 |      16 |       2 |  11.1 |       3 |       1 |  25.0
            +---------+---------+-------+---------+---------+-------
